 Dungeon Crawl Stone Soup version 0.23.1-37-gaa34b87b72 (webtiles) character file.

Game seed: 8968677030876636002

95 Peloso the Shield-Bearer (level 4, -8/40 HPs)
             Began as a Minotaur Fighter on Mar 26, 2019.
             Mangled by a gnoll
             ... wielding a +0 halberd
              (11 damage)
             ... on level 3 of the Dungeon.
             The game lasted 00:03:30 (1943 turns).

Peloso the Shield-Bearer (Minotaur Fighter)         Turns: 1943, Time: 00:03:31

Health: -8/40      AC:  7    Str: 21    XL:     4   Next: 40%
Magic:  3/3        EV:  8    Int:  5    God:
Gold:   68         SH:  9    Dex: 10    Spells: 3/3 levels left

rFire    . . .     SeeInvis .   a - +0 long sword
rCold    . . .     Gourm    .   c - +0 shield
rNeg     . . .     Faith    .   b - +0 scale mail
rPois    .         Spirit   .   (helmet restricted)
rElec    .         Reflect  .   (no cloak)
rCorr    .         Harm     .   (no gloves)
MR       .....                  (no boots)
Stlth    ..........             (no amulet)
HPRegen  0.13/turn              (no ring)
MPRegen  0.08/turn              (no ring)

@: no status effects
A: retaliatory headbutt, horns 2
a: no special abilities


You were on level 3 of the Dungeon.
You were hungry.

You visited 1 branch of the dungeon, and saw 3 of its levels.

You collected 68 gold pieces.

Inventory:

Hand Weapons
 a - a +0 long sword (weapon)
Missiles
 l - 44 bolts
Armour
 b - a +0 scale mail (worn)
 c - a +0 shield (worn)
Jewellery
 p - an uncursed amulet of the acrobat {unknown}
Scrolls
 e - a scroll of magic mapping {unknown}
 h - 2 scrolls of identify {unknown}
 j - a scroll of remove curse {unknown}
 k - a scroll of enchant armour {unknown}
 n - a scroll of noise {unknown}
 o - 2 scrolls of amnesia {unknown}
 r - 2 scrolls of teleportation {unknown}
 s - a scroll of fear {unknown}
Potions
 d - a potion of might
 g - a potion of curing {unknown}
 i - a potion of lignification {unknown}
 m - a potion of degeneration {unknown}
 t - a potion of magic {unknown}
Comestibles
 f - 5 rations
 q - a chunk of flesh


   Skills:
 + Level 4.1 Fighting
 + Level 3.5 Long Blades
 + Level 4.1 Armour
 + Level 1.4 Dodging
 + Level 4.5 Shields


You had 3 spell levels left.
You didn't know any spells.
Your spell library was empty.

Dungeon Overview and Level Annotations

Branches:
Dungeon (3/15)

Altars:
Ashenzari
Zin


Innate Abilities, Weirdness & Mutations

You reflexively headbutt those who attack you in melee.
You have a pair of horns on your head.


Message History

The gnoll hits you with a +0 flail.
Your shield and scale mail prevent you from hitting the gnoll.
Your headbutt misses the gnoll.
The gnoll is severely wounded.
The gnoll hits you with a +0 flail.
The gnoll hits you from afar with a +0 halberd!
Unknown command.
You slash the gnoll!
You kill the gnoll!
You block the gnoll's attack. The gnoll hits you with a +0 club.
Unknown command.
Your shield and scale mail prevent you from hitting the gnoll.
The gnoll hits you from afar with a +0 halberd!
* * * LOW HITPOINT WARNING * * *
The gnoll hits you with a +0 club.
* * * LOW HITPOINT WARNING * * *
Unknown command.
Your shield prevents you from hitting the gnoll.
The gnoll hits you from afar with a +0 halberd!
You die...

........)... #..
###.#.....### #..
#.#####..## #..
#.......... #..
########)## #.. ..........
.####.g ###########.#
.....gg###+#............
#####. #@..........####.#
#.....###.................
##.=.............###..
#..............### ###
#..##.....†....'#
#..##).........##
#..#########+### ....
.....


You could see 3 gnolls.

Vanquished Creatures
  A gnoll (D:3)
  An adder (D:2)
  An ooze (D:1)
  3 worms (D:2)
  A dart slug (D:1)
  3 leopard geckos
  2 ball pythons
  5 giant cockroaches
  7 goblins
  7 hobgoblins
  4 kobolds
  A quokka (D:2)
  9 bats
  4 frilled lizards
  8 rats
57 creatures vanquished.

Notes
Turn   | Place    | Note
-------+----------+-------------------------------------------
     0 | D:1      | Peloso the Minotaur Fighter began the quest for the Orb.
     0 | D:1      | Reached XP level 1. HP: 19/19 MP: 0/0
    68 | D:1      | Reached XP level 2. HP: 27/27 MP: 1/1
   571 | D:1      | Reached XP level 3. HP: 32/33 MP: 2/2
   576 | D:1      | Found a shattered altar of Ashenzari.
  1158 | D:2      | Reached skill level 1 in Dodging
  1406 | D:2      | Reached XP level 4. HP: 38/40 MP: 3/3
  1434 | D:2      | Found a glowing silver altar of Zin.
  1943 | D:3      | Mangled by a gnoll

Skill      XL: |  1  2  3 |
---------------+----------+-----
Shields        | 4 |  4.5
Fighting       | 4 |  4.1
Armour         | 4 |  4.1
Dodging        | 1 |  1.4
Long Blades    | 3 |  3.5

Action                   |  1- 3 |  4- 6 || total
-------------------------+-------+-------++-------
Melee: Long sword        |   113 |    35 ||   148
       Headbutt          |    13 |     3 ||    16
  Eat: Chunk             |     2 |     1 ||     3
Armor: Scale mail        |    73 |    12 ||    85
Dodge: Dodged            |    35 |     7 ||    42
Block: Shield            |    66 |    20 ||    86
       Rpst.: Long sword |    11 |     1 ||    12
